Map: Moonlight Madness LE (Void)

Players

Kilorien

  • Race: Zerg Zerg
  • League: Grandmaster

wabbajack - Winner!

  • Race: Zerg Zerg
  • League: Grandmaster

VOD

Have the link to the VOD?

Description

Time

  • Played on: July 16, 2015, 12:21 p.m.
  • Length: 5:16
Show
View Real Time Build Order
Export as new Build Order

Kilorien Zerg 

Build Orders: Pool First 

Get SALT Encoding   

  12  0:01  Drone  
  13  0:15  Overlord  
  13  0:24  Drone  
  14  0:38  Spawning Pool  
  14  0:39  Drone  
  14  0:42  Drone  
  15  1:08  Hatchery  
  14  1:16  Drone  
  14  1:17  Drone  
  16  1:19  Drone  
  17  1:29  Queen  
  19  1:37  Overlord  
  19  1:46  Extractor  
  18  1:50  Drone  
  18  1:51  Drone  
  20  2:03  Drone  
  21  2:16  Queen  
  23  2:23  Queen  
  25  2:32  Zergling x6  
  25  2:33  Zergling x4  
  30  2:42  Baneling Nest  
  30  2:43  Drone  
  30  2:46  Overlord  
  30  3:15  Metabolic Boost  
  30  3:19  Extractor  
  29  3:20  Drone x3  
  29  3:23  Overlord  
  32  3:28  Drone x5  
  32  3:31  Drone  
  38  3:37  Drone  
  39  3:45  Lair  
  39  3:48  Zergling x2  
  40  4:11  Evolution Chamber  
  40  4:12  Drone x3  
  40  4:13  Drone x4  
  46  4:17  Extractor  
  45  4:24  Zergling x4  
  45  4:25  Zergling x6  
  48  4:39  Zergling x6  
  51  4:51  Baneling x4  
Show
View Real Time Build Order
Export as new Build Order

wabbajack Zerg - Winner!

Build Orders: Hatch First 

Get SALT Encoding   

  12  0:02  Drone  
  13  0:15  Overlord  
  13  0:25  Drone  
  13  0:27  Extractor  
  13  0:28  Drone  
  15  0:38  Drone x2  
  17  0:58  Hatchery  
  17  1:02  Drone x2  
  18  1:07  Extractor  
  17  1:13  Drone  
  18  1:20  Drone  
  19  1:25  Spawning Pool  
  18  1:39  Drone  
  19  1:51  Overlord  
  19  2:05  Drone x2  
  21  2:12  Queen  
  21  2:13  Metabolic Boost  
  21  2:14  Queen  
  25  2:20  Drone  
  25  2:21  Drone x2  
  28  2:26  Drone  
  29  2:36  Roach Warren  
  28  2:45  Drone x3  
  31  2:55  Overlord x2  
  31  3:16  Roach  
  31  3:17  Roach x3  
  39  3:30  Roach x2  
  39  3:31  Roach x2  
  39  3:33  Overlord  
  47  3:36  Zergling x2  
  47  3:37  Zergling x6  
  47  3:41  Overlord  
  51  4:09  Zergling x2  
  54  4:10  Zergling x22  
  63  4:25  Overlord  
  63  4:26  Overlord  
Tags
 
Add a new tag
Caveats
  • Supply blocks, unpowered buildings, or Contaminate may cause inaccurate times.
  • Supply counts are checked every 10 seconds.